 Dungeon Crawl Stone Soup version 0.21.1-1-g345015fe64 (webtiles) character file.

83296 PikkenKukken the Unseen (level 15, 0/66 HPs)
             Began as a Spriggan Enchanter on June 9, 2018.
             Was an Initiate of Gozag.
             Killed from afar by a thorn hunter (34 damage)
             ... with a volley of thorns
             ... on level 2 of the Swamp.
             The game lasted 02:49:02 (34754 turns).

PikkenKukken the Unseen (Spriggan Enchanter)       Turns: 34754, Time: 02:49:03

Health: 0/66       AC:  5    Str:  5    XL:     15   Next: 31%
Magic:  19/42      EV: 32    Int: 19    God:    Gozag
Gold:   4502       SH:  0    Dex: 20    Spells: 14/41 levels left

rFire    . . .     SeeInvis +   a - +3 dagger (speed)
rCold    . . .     Gourm    .   (shield restricted)
rNeg     + . .     Faith    .   t - +2 robe {rN+}
rPois    .         Spirit   .   (helmet restricted)
rElec    .         Reflect  .   z - +0 cloak {+Inv}
rCorr    .         Harm     .   (gloves unavailable)
MR       ++...                  (boots unavailable)
Stlth    +++++++...             E - amulet of magic regeneration
HPRegen  0.21/turn              Y - ring of magical power
MPRegen  0.53/turn              U - +3 ring of evasion

@: very slightly contaminated, very quick
A: very small, unfitting armour, see invisible, herbivore, speed 3, slow
metabolism 2
a: Potion Petition, Call Merchant, Bribe Branch, Renounce Religion, Evoke
Invisibility


You were on level 2 of the Swamp.
You worshipped Gozag.
Gozag was most pleased with you.
You were not hungry.

You visited 4 branches of the dungeon, and saw 22 of its levels.

You collected 7624 gold pieces.
You spent 1753 gold pieces at shops.
You paid 1369 gold pieces to Gozag.

Inventory:

Hand Weapons
 a - a +3 dagger of speed (weapon)
 b - a +1 blowgun
Missiles
 g - 66 poisoned needles
 J - 4 curare-tipped needles
Armour
 j - a +2 cloak
 t - a +2 robe of positive energy (worn)
 z - a +0 cloak of invisibility (worn)
 H - a scarf of resistance
Jewellery
 e - an uncursed ring of fire
 i - an uncursed amulet of the gourmand
 o - an uncursed ring of resist corrosion
 s - a +5 amulet of reflection
 B - an uncursed ring of protection from cold
 C - an uncursed ring of ice
 D - an uncursed ring of wizardry
 E - an amulet of magic regeneration (around neck)
 F - an uncursed ring of poison resistance
 I - an uncursed ring of flight
 U - a +3 ring of evasion (right hand)
 Y - a ring of magical power (left hand)
Wands
 n - a wand of polymorph (38)
 p - a wand of random effects (22)
 w - a wand of iceblast (38)
 A - a wand of disintegration (13)
 N - a wand of acid (25)
 O - a wand of flame (46)
 R - a wand of enslavement (14)
 W - a wand of scattershot (1)
Scrolls
 f - 3 scrolls of magic mapping
 h - 11 scrolls of remove curse
 k - 9 scrolls of identify
 m - a scroll of teleportation
 q - a scroll of enchant weapon
 y - 6 scrolls of amnesia
 K - a scroll of fear
Potions
 d - 3 potions of heal wounds
 v - 4 potions of might
 x - 3 potions of ambrosia
 G - 6 potions of flight
 L - 3 potions of haste
 M - a potion of agility
 P - 2 potions of berserk rage
 Q - 2 potions of brilliance
 S - 2 potions of invisibility
 V - 3 potions of curing
Books
 c - a book of Maledictions

   Spells                             Type                      Level
   a - Corona                         Hexes                        1
   b - Ensorcelled Hibernation        Hexes/Ice                    2
   c - Confuse                        Hexes                        3
   d - Tukima's Dance                 Hexes                        3
   e - Dazzling Spray                 Conjuration/Hexes            3
 l - a book of Minor Magic

   Spells                             Type                      Level
   a - Magic Dart                     Conjuration                  1
   b - Blink                          Translocation                2
   c - Call Imp                       Summoning                    2
   d - Slow                           Hexes                        2
   e - Conjure Flame                  Conjuration/Fire             3
   f - Mephitic Cloud                 Conjuration/Poison/Air       3
 r - a book of Debilitation

   Spells                             Type                      Level
   a - Corona                         Hexes                        1
   b - Slow                           Hexes                        2
   c - Inner Flame                    Hexes/Fire                   3
   d - Portal Projectile              Hexes/Translocation          3
   e - Cause Fear                     Hexes                        4
   f - Leda's Liquefaction            Hexes/Earth                  4
 T - a Fen Folio

   Spells                             Type                      Level
   a - Corpse Rot                     Necromancy                   2
   b - Stone Arrow                    Conjuration/Earth            3
   c - Leda's Liquefaction            Hexes/Earth                  4
   d - Summon Forest                  Summoning/Translocation      5
   e - Hydra Form                     Transmutation                6
   f - Summon Hydra                   Summoning                    7
 X - a book of Beasts

   Spells                             Type                      Level
   a - Summon Butterflies             Summoning                    1
   b - Call Canine Familiar           Summoning                    3
   c - Summon Ice Beast               Ice/Summoning                4
   d - Summon Mana Viper              Hexes/Summoning              5
   e - Summon Hydra                   Summoning                    7
 Z - a book of Callings

   Spells                             Type                      Level
   a - Summon Small Mammal            Summoning                    1
   b - Call Imp                       Summoning                    2
   c - Call Canine Familiar           Summoning                    3
   d - Summon Guardian Golem          Hexes/Summoning              3
   e - Summon Lightning Spire         Summoning/Air                4
   f - Summon Ice Beast               Ice/Summoning                4
Comestibles
 u - 27 rations


   Skills:
 + Level 2.2 Fighting
 * Level 10.8 Short Blades
 + Level 3.6 Throwing
 * Level 11.7 Dodging
 + Level 19.2 Stealth
 + Level 13.8 Spellcasting
 + Level 0.6 Conjurations
 + Level 13.1 Hexes
 * Level 3.2 Fire Magic
 - Level 9.2 Ice Magic
 + Level 2.1 Air Magic
 * Level 3.2 Poison Magic
 * Level 4.8 Evocations


You had 14 spell levels left.
You knew the following spells:

 Your Spells              Type           Power        Failure   Level  Hunger
a - Corona                Hex            ######.      1%          1    None
b - Ensorcelled Hibernat  Hex/Ice        ######       1%          2    None
c - Confuse               Hex            ######..     1%          3    None
d - Tukima's Dance        Hex            ######..     1%          3    None
e - Slow                  Hex            ######..     1%          2    None
f - Mephitic Cloud        Conj/Pois/Air  ###.....     7%          3    None
g - Conjure Flame         Conj/Fire      ###.....     7%          3    None
h - Summon Lightning Spi  Summ/Air       ###.....     32%         4    None
i - Blink                 Tloc           N/A          8%          2    None
j - Cause Fear            Hex            ######....   1%          4    None


Dungeon Overview and Level Annotations

Branches:
Dungeon (11/15)            Temple (0/1) D:6            Lair (6/6) D:8
  Swamp (3/4) Lair:2       Spider (0/4) Lair:3        Slime (0/5) Lair:5
    Orc (2/2) D:9             Elf (0/3) Orc:2

Altars:
Ashenzari
Gozag
Kikubaaqudgha
Trog
Uskayaw
Beogh
Jiyva

Shops:
D:5 }   D:9 =   Orc:1 [   Orc:2 *[%!   Lair:3 (   Lair:5 [

Annotations:
D:4 Grinder
Lair:3 exclusion: oklob plant


Innate Abilities, Weirdness & Mutations

You are very small and have problems with some larger weapons.
You are too small for most types of armour.
You have supernaturally acute eyesight. (SInv)
You are a herbivore.
You cover ground extremely quickly.
You need consume almost no food.


Message History

The thorn hunter resists with almost no effort.
Casting: Confuse
Confirm with . or Enter, or press ? or * to list all spells.
Aiming: Conjure Flame
Press: ? - help, Dir - move target cursor, p - thorn hunter You miscast Conjure Flame.
You are very lightly contaminated with residual magic.
You hear a sizzling sound.
The thorn hunter gestures.
Thorny briars emerge from the ground!
Casting: Conjure Flame
Confirm with . or Enter, or press ? or * to list all spells.
Aiming: Conjure Flame
Press: ? - help, Dir - move target cursor The fire ignites!
The thorn hunter fires a volley of thorns at you.
The volley of thorns hits you!
Ouch! That really hurt!
You die...
Your body crumbles into a pile of gold.

♣♣≈....≈..≈≈≈.≈..≈....≈.≈.≈
♣♣.≈.≈..≈≈.≈....≈≈..≈.≈≈§.
♣≈≈≈♣PPPP....PP≈.≈≈≈.....≈
♣♣≈♣♣♣PPP...PP..♣..≈....≈.
♣♣P.♣....###.......P♣≈....
♣♣...♣≈≈..#........PP....≈.
♣♣.≈.......#.#.#.#..P♣..≈≈≈.
♣♣..≈.≈♣........#.#..PP....§.
♣....≈.♣♣...@.........P≈.≈...
♣♣.....♣♣♣.##§##......PP♣≈♣.♣♣
♣..♣§♣♣♣ ♣ ##f##......PP♣♣♣♣♣
♣♣.≈≈≈♣ ♣. #...$###..PP♣
♣..≈≈.♣ ♣.##....#.#...P..
♣≈≈.≈≈♣ ♣....§.#.#.PP..n
♣≈≈≈.♣♣ ♣♣.........PP♣♣.
♣♣♣.≈♣.♣ ♣♣♣........P♣♣
.♣.≈≈≈.♣ ♣♣PPP.P♣P≈≈≈♣♣


You could see a thorn hunter.

Vanquished Creatures
  An orc warlord (Orc:1)
  Aizul (Swamp:1)
  A dire elephant (Lair:6)
  Fannar (Lair:1)
  Harold (D:10)
  A ghost crab (Swamp:2)
  2 alligators (Swamp:2)
  A catoblepas (Lair:6)
  2 two-headed ogres
  9 hydras
  A centaur warrior (D:11)
  A deep troll shaman (Lair:6)
  Erica (D:10)
  19 death yaks
  2 spriggans (Swamp:2)
  2 orc knights
  A wolf spider (Lair:3)
  An ugly thing (D:11)
  10 orc sorcerers
  A cyclops (D:11)
  Maurice (D:9)
  8 elephants (Lair:6)
  2 black mambas (Lair:4)
  A torpor snail (Lair:4)
  The ghost of PikkenKukken the Covert, a novice SpEn of Gozag (D:7)
  22 spiny frogs
  8 komodo dragons
  A queen bee (Lair:1)
  4 trolls
  The ghost of Bapho the Basher, an amateur MiFi of Okawaru (D:5)
  2 tyrant leeches
  7 slime creatures
  A bog body (Swamp:3)
  3 hornets
  25 blink frogs
  2 polar bears (Lair:6)
  7 dream sheep (Lair:5)
  13 hippogriffs
  39 yaks
  A shadow (Swamp:2)
  2 basilisks
  A wyvern (Lair:2)
  Eustachio (D:4)
  A steam dragon (Lair:3)
  8 vampire mosquitoes
  3 hungry ghosts
  An insubstantial wisp (Swamp:3)
  9 swamp worms
  Edmund (D:5)
  7 wargs
  Duvessa (D:4)
  11 porcupines
  13 water moccasins
  20 orc warriors
  2 hell hounds (D:8)
  6 swamp drakes
  A sky beast (D:10)
  A black bear (D:10)
  7 ice beasts
  7 centaurs
  7 ogres
  11 wolves
  9 crocodiles
  Blork the orc (D:4)
  10 bullfrogs
  A gnoll sergeant (D:6)
  Dowan (D:5)
  4 scorpions
  29 killer bees
  3 wights (D:8)
  4 crimson imps
  A quasit (D:10)
  3 centaur zombies
  2 hounds
  Crazy Yiuf (D:3)
  5 orc priests
  3 centaur skeletons
  39 orc wizards
  A bullfrog skeleton (D:7)
  An iguana (D:9)
  Ijyb (D:4)
  6 worker ants
  2 killer bee zombies
  2 hound skeletons (D:5)
  A worker ant zombie (D:9)
  16 gnolls
  16 adders
  2 shadow imps
  An ooze (D:2)
  An adder skeleton (D:5)
  A dart slug (D:1)
  6 leopard geckos
  73 orcs
  6 giant cockroaches
  6 goblins
  5 hobgoblins
  11 jackals
  2 quokkas
  4 bats
  5 frilled lizards
  4 kobolds
  A leopard gecko skeleton (D:4)
  4 rats
  A plant (Lair:6)
624 creatures vanquished.

Vanquished Creatures (collateral kills)
  A polar bear (Lair:2)
  An orc warrior (Orc:1)
  An ogre (D:4)
  A bullfrog zombie (D:11)
  An orc priest (D:11)
  13 orcs
18 creatures vanquished.

Vanquished Creatures (others)
  3 dancing weapons
  A wyvern skeleton (D:11)
  13 fungi
  5 plants
22 creatures vanquished.

Grand Total: 664 creatures vanquished

Notes
Turn   | Place    | Note
-------+----------+-------------------------------------------
     0 | D:1      | PikkenKukken the Spriggan Enchanter began the quest for the Orb.
     0 | D:1      | Reached XP level 1. HP: 9/9 MP: 5/5
   678 | D:1      | Reached XP level 2. HP: 13/13 MP: 7/7
   682 | D:1      | Learned a level 2 spell: Ensorcelled Hibernation
  1221 | D:2      | Reached XP level 3. HP: 12/16 MP: 3/8
  1268 | D:2      | Learned a level 3 spell: Confuse
  1454 | D:2      | Reached skill level 1 in Ice Magic
  1486 | D:2      | Reached skill level 5 in Stealth
  2161 | D:3      | Reached XP level 4. HP: 21/21 MP: 9/9
  2176 | D:3      | Learned a level 3 spell: Tukima's Dance
  2198 | D:3      | Found a runed door.
  2213 | D:3      | Noticed Crazy Yiuf
  2217 | D:3      | Killed Crazy Yiuf
  2217 | D:3      | Reached skill level 6 in Stealth
  2525 | D:3      | Found an opulent altar of Gozag.
  2605 | D:3      | Became a worshipper of Gozag Ym Sagoz the Greedy
  2757 | D:3      | Reached XP level 5. HP: 24/24 MP: 3/11
  3076 | D:3      | Learned a level 2 spell: Slow
  3127 | D:3      | Reached skill level 7 in Stealth
  3354 | D:4      | Noticed an ogre
  3364 | D:4      | Killed an ogre
  3737 | D:4      | Reached XP level 6. HP: 28/28 MP: 12/12
  4367 | D:4      | Reached skill level 8 in Stealth
  4391 | D:4      | Noticed Ijyb
  4404 | D:4      | Killed Ijyb
  4513 | D:4      | Noticed Eustachio
  4600 | D:4      | Killed Eustachio
  4600 | D:4      | Reached skill level 5 in Hexes
  4600 | D:4      | Reached XP level 7. HP: 29/32 MP: 6/14
  4773 | D:5      | Entered Level 5 of the Dungeon
  4773 | D:5      | Found Cimm's Gadget Shop.
  4777 | D:5      | Noticed Duvessa
  4869 | D:5      | Noticed Dowan
  4893 | D:5      | Killed Dowan
  4953 | D:4      | Killed Duvessa
  5344 | D:5      | Got a polished hand axe
  5463 | D:5      | Noticed Edmund
  5470 | D:5      | Killed Edmund
  5470 | D:5      | Reached skill level 5 in Spellcasting
  5684 | D:5      | Noticed Bapho's ghost (amateur MiFi)
  5712 | D:5      | Noticed Grinder
  6467 | D:5      | Noticed Blork the orc
  6587 | D:4      | Killed Blork the orc
  6587 | D:4      | Reached skill level 9 in Stealth
  7097 | D:5      | Killed Bapho's ghost
  7097 | D:5      | Reached XP level 8. HP: 25/37 MP: 6/17
  7239 | D:5      | Found a hide-covered altar of Uskayaw.
  7260 | D:5      | Found a shattered altar of Ashenzari.
  7569 | D:6      | Reached skill level 1 in Throwing
  7575 | D:6      | Found a staircase to the Ecumenical Temple.
  8532 | D:6      | Reached skill level 1 in Fighting
  8532 | D:6      | Reached skill level 10 in Stealth
  9011 | D:7      | Noticed PikkenKukken's ghost (novice SpEn)
  9056 | D:7      | Killed PikkenKukken's ghost
  9056 | D:7      | Reached XP level 9. HP: 27/41 MP: 12/20
 10372 | D:7      | Reached skill level 11 in Stealth
 10372 | D:7      | Reached skill level 5 in Ice Magic
 10664 | D:8      | Reached skill level 12 in Stealth
 10677 | D:8      | Reached skill level 5 in Short Blades
 10691 | D:8      | Found a staircase to the Lair.
 10728 | D:8      | Reached XP level 10. HP: 45/45 MP: 13/22
 11735 | D:9      | Reached skill level 13 in Stealth
 11869 | D:9      | Found Roumuy's Jewellery Emporium.
 11874 | D:9      | Bought an uncursed ring of wizardry for 450 gold pieces
 11874 | D:9      | Bought an uncursed amulet of magic regeneration for 450 gold pieces
 12326 | D:9      | Noticed a two-headed ogre
 12358 | D:9      | Killed a two-headed ogre
 12510 | D:9      | Found a staircase to the Orcish Mines.
 13084 | Lair:1   | Entered Level 1 of the Lair of Beasts
 13105 | Lair:1   | Noticed a spiny frog
 13123 | Lair:1   | Killed a spiny frog
 13123 | Lair:1   | Reached skill level 14 in Stealth
 13137 | Lair:1   | Noticed a spiny frog
 13137 | Lair:1   | Noticed a spiny frog
 13279 | Lair:1   | Noticed Fannar
 13292 | Lair:1   | Noticed a spiny frog
 13296 | Lair:1   | Killed Fannar
 13296 | Lair:1   | Reached XP level 11. HP: 24/49 MP: 21/25
 13978 | Lair:1   | Reached skill level 10 in Spellcasting
 14035 | Lair:1   | Reached skill level 15 in Stealth
 14073 | Lair:1   | Reached skill level 5 in Dodging
 14350 | Lair:1   | Reached skill level 10 in Hexes
 14503 | Lair:1   | Found an ancient bone altar of Kikubaaqudgha.
 14787 | Lair:2   | Found a staircase to the Swamp.
 15204 | Lair:2   | Reached XP level 12. HP: 54/54 MP: 27/27
 15404 | Lair:2   | Noticed an eight-headed hydra
 15416 | Lair:2   | Killed an eight-headed hydra
 15568 | Lair:3   | Reached skill level 16 in Stealth
 15656 | Lair:3   | Noticed a four-headed hydra
 15660 | Lair:3   | Killed a four-headed hydra
 16093 | Lair:3   | Found a hole to the Spider Nest.
 16998 | Lair:4   | Reached skill level 17 in Stealth
 17380 | Lair:4   | Found the +8 whip "Snakebite" {curare, rPois}
 18108 | Lair:5   | Noticed a death yak
 18109 | Lair:5   | Noticed a death yak
 18110 | Lair:5   | Noticed a death yak
 18110 | Lair:5   | Noticed a death yak
 18111 | Lair:5   | Noticed a death yak
 18111 | Lair:5   | Noticed a death yak
 18167 | Lair:4   | Killed a death yak
 18695 | Lair:3   | Killed a death yak
 18695 | Lair:3   | Reached XP level 13. HP: 58/58 MP: 21/29
 19973 | Lair:5   | Found a viscous altar of Jiyva.
 19974 | Lair:5   | Found a staircase to the Slime Pits.
 20622 | Lair:5   | HP: 2/58 [death yak (12)]
 20851 | Lair:3   | Learned a level 3 spell: Mephitic Cloud
 20855 | Lair:3   | Learned a level 3 spell: Conjure Flame
 21947 | Lair:6   | Entered Level 6 of the Lair of Beasts
 22140 | Lair:5   | HP: 2/58 [poisoned by a water moccasin]
 23752 | Lair:6   | Reached skill level 18 in Stealth
 23933 | Lair:6   | Found a bloodstained altar of Trog.
 24375 | Lair:6   | Reached skill level 10 in Dodging
 24375 | Lair:6   | Reached XP level 14. HP: 63/63 MP: 26/31
 26032 | Orc:1    | Entered Level 1 of the Orcish Mines
 26784 | Orc:2    | Entered Level 2 of the Orcish Mines
 26784 | Orc:2    | Found a staircase to the Elven Halls.
 26844 | Orc:1    | Reached skill level 10 in Short Blades
 26992 | Orc:2    | Reached skill level 1 in Air Magic
 27090 | Orc:1    | Found Saoxa's Armour Shoppe.
 27166 | Orc:2    | Noticed an orc warlord
 27214 | Orc:1    | Killed an orc warlord
 27214 | Orc:1    | Reached skill level 1 in Poison Magic
 27565 | Orc:2    | Reached skill level 1 in Evocations
 28555 | Orc:2    | Found Ceum's General Store.
 28555 | Orc:2    | Found Xuidghi's Antique Armour Boutique.
 28833 | Orc:2    | Reached skill level 1 in Fire Magic
 29027 | Orc:2    | Found Kythro's Food Shoppe.
 29027 | Orc:2    | Found Cyjoh's Distillery.
 29037 | Orc:2    | Bought a potion of haste for 140 gold pieces
 29037 | Orc:2    | Bought a potion of curing for 42 gold pieces
 29037 | Orc:2    | Bought a potion of curing for 42 gold pieces
 29037 | Orc:2    | Bought a potion of heal wounds for 70 gold pieces
 29037 | Orc:2    | Bought a potion of invisibility for 112 gold pieces
 29037 | Orc:2    | Bought 2 potions of heal wounds for 140 gold pieces
 29232 | Orc:2    | Found a roughly hewn altar of Beogh.
 29258 | Orc:2    | Bought a potion of brilliance for 52 gold pieces
 29268 | Orc:2    | Bought a runed cloak for 255 gold pieces
 29673 | D:9      | Noticed Maurice
 29676 | D:9      | Killed Maurice
 29682 | D:10     | Entered Level 10 of the Dungeon
 29918 | D:10     | Noticed Erica
 29927 | D:10     | Killed Erica
 30213 | D:10     | Noticed Harold
 30224 | D:10     | Killed Harold
 31115 | D:11     | Learned a level 4 spell: Summon Lightning Spire
 31675 | Swamp:1  | Entered Level 1 of the Swamp
 31703 | Swamp:1  | Learned a level 2 spell: Blink
 31708 | Swamp:1  | Learned a level 4 spell: Cause Fear
 32114 | Swamp:1  | Noticed Aizul
 32145 | Swamp:1  | Killed Aizul
 32145 | Swamp:1  | Reached XP level 15. HP: 66/66 MP: 33/33
 32285 | Swamp:1  | Reached skill level 19 in Stealth
 32947 | Swamp:2  | Identified a scroll of acquirement
 33151 | Swamp:2  | HP: 3/66 [shambling mangrove (31)]
 34310 | Swamp:3  | Noticed a thorn hunter
 34754 | Swamp:2  | Killed from afar by a thorn hunter

Skill      XL: |  1  2  3  4  5  6  7  8  9 10 11 12 13 14 15 |
---------------+----------------------------------------------+-----
Spellcasting   | 3 4 5 6 7 9 10 11 12 13 | 13.8
Hexes          | 4 5 7 9 10 11 12 13 | 13.1
Ice Magic      | 1 2 3 4 5 6 8 9 |  9.2
Stealth        | 5 6 7 8 9 10 12 14 15 17 18 19 | 19.2
Short Blades   | 2 3 5 6 7 9 10 | 10.8
Throwing       | 1 3 |  3.6
Fighting       | 1 2 |  2.2
Dodging        | 4 5 7 10 11 | 11.7
Air Magic      | 2 |  2.1
Poison Magic   | 2 3 |  3.2
Evocations     | 3 4 |  4.8
Fire Magic     | 2 3 |  3.2
Conjurations   | |  0.6

Action                   |  1- 3 |  4- 6 |  7- 9 | 10-12 | 13-15 || total
-------------------------+-------+-------+-------+-------+-------++-------
Melee: Dagger            |    70 |   104 |   249 |   252 |   596 ||  1271
 Fire: Blowgun           |       |       |    16 |     1 |   182 ||   199
 Cast: Corona            |     4 |       |    17 |     1 |       ||    22
       Ensorcelled Hiber |    24 |    44 |    84 |   208 |   483 ||   843
       Confuse           |       |    10 |    36 |    35 |    73 ||   154
       Tukima's Dance    |       |     2 |     1 |     4 |    16 ||    23
       Slow              |       |       |    17 |    25 |   110 ||   152
       Conjure Flame     |       |       |       |       |    26 ||    26
       Mephitic Cloud    |       |       |       |       |    38 ||    38
       Summon Lightning  |       |       |       |       |     7 ||     7
       Blink             |       |       |       |       |     2 ||     2
Invok: Potion Petition   |       |     1 |       |       |       ||     1
       Call Merchant     |       |       |       |     1 |     1 ||     2
 Abil: Evoke Invisibilit |       |       |       |       |     2 ||     2
Evoke: Wand              |       |       |       |       |     7 ||     7
  Use: Potion            |     5 |       |     6 |     3 |     5 ||    19
       Scroll            |     5 |     4 |     5 |     7 |    12 ||    33
 Stab: Sleeping          |    22 |    29 |    55 |   162 |   222 ||   490
       Distracted        |       |     1 |     1 |     1 |     1 ||     4
       Confused          |       |     5 |    16 |    19 |    58 ||    98
       Invisible         |       |       |       |       |     3 ||     3
  Eat: Ration            |       |     3 |     5 |     4 |     7 ||    19
Armor: Robe              |     4 |    11 |    18 |    11 |    16 ||    60
Dodge: Dodged            |    31 |    84 |   122 |   112 |   318 ||   667
Block: Other             |       |       |    21 |     5 |       ||    26
